 Dungeon Crawl Stone Soup version 0.21-a0-372-gd0ff781 (webtiles) character file.

42 4thArraOfDagon the Twirler (level 3, -4/43 HPs)
             Began as a Demigod Gladiator on Oct 16, 2017.
             Killed by divine providence
             ... invoked by an orc priest
              (14 damage)
             ... on level 3 of the Dungeon.
             The game lasted 00:02:03 (347 turns).

4thArraOfDagon the Twirler (Demigod Gladiator)       Turns: 347, Time: 00:02:04

Health: -4/43      AC: 21    Str: 17    XL:     3   Next: 17%
Magic:  5/5        EV:  2    Int: 14    God:
Gold:   13         SH:  0    Dex: 22    Spells: 2/2 levels left

rFire    . . .     SeeInvis .   a - +1 quarterstaff
rCold    . . .     Gourm    .   (shield currently unavailable)
rNeg     + + +     Faith    .   (armour currently unavailable)
rPois    +         Spirit   .   (helmet currently unavailable)
rElec    .         Reflect  .   (cloak currently unavailable)
rCorr    .         Harm     .   (gloves currently unavailable)
MR       .....     NoTele   +   (boots currently unavailable)
Stlth    +++.......             (no amulet)
HPRegen  0.14/turn              (no ring)
MPRegen  0.09/turn              (no ring)

@: agile, tree-form, hasted (expiring), very quick
A: high mp 1
a: no special abilities


You were on level 3 of the Dungeon.
You were not hungry.
You were a tree.
You visited 1 branch of the dungeon, and saw 3 of its levels.

You collected 13 gold pieces.

Inventory:

Hand Weapons
 a - a +1 quarterstaff (weapon)
Missiles
 d - a throwing net (quivered)
Armour
 b - a +0 leather armour (melded)
 c - a +0 helmet (melded)
Potions
 e - a potion of haste
Comestibles
 f - 2 bread rations
 g - a meat ration


   Skills:
 - Level 1.7 Fighting
 * Level 4.0 Staves
 - Level 1.7 Throwing
 - Level 2.6 Dodging


You had 2 spell levels left.
You didn't know any spells.

Dungeon Overview and Level Annotations

Branches:
Dungeon (3/15)


Innate Abilities, Weirdness & Mutations

You have an increased reservoir of magic. (+10% MP)


Message History

Anything else - Cancel.
You creak for attention!
Throwing (i - inventory):
d - 3 throwing nets (quivered)
Press: ? - help, Shift-Dir - straight line, f - orc priest
Aim: an orc priest, wielding a club and wearing a ring mail You throw a throwing net.
The throwing net completely misses the orc priest.
Throwing (i - inventory):
d - 2 throwing nets (quivered)
Press: ? - help, Shift-Dir - straight line, f/p - orc priest
Aim: an orc priest, wielding a club and wearing a ring mail You throw a throwing net.
The throwing net hits the orc priest.
The orc priest is caught in the net!
The orc priest struggles against the net.
You strike the helpless orc priest from behind!
You sock the orc priest!
The orc priest is severely wounded.
Your extra speed is starting to run out.
The orc priest invokes the aid of Beogh against you.
Beogh smites you!
You die...

#########
#.......################
#.>......(.....o♣†......
#.....$.###.#.#####.#.#.
#...o...# #.#.#
#.....K.# #.#.#
#.......# #.#.####
#.......# #.#....#
#.......###.#..#.#
#.......'........#
........###.....##


You could see an orc priest (caught).

Vanquished Creatures
  An adder (D:3)
  An adder skeleton (D:2)
  A dart slug (D:2)
  3 leopard geckos
  2 orcs (D:3)
  2 ball pythons
  2 goblins
  5 kobolds
  2 quokkas (D:2)
  A frilled lizard (D:2)
  A rat (D:3)
21 creatures vanquished.

Vanquished Creatures (others)
  5 toadstools (D:1)
5 creatures vanquished.

Grand Total: 26 creatures vanquished

Notes
Turn   | Place    | Note
-------+----------+-------------------------------------------
     0 | D:1      | 4thArraOfDagon the Demigod Gladiator began the quest for the Orb.
     0 | D:1      | Reached XP level 1. HP: 17/17 MP: 3/3
    27 | D:2      | Reached skill level 3 in Staves
   120 | D:2      | Reached XP level 2. HP: 13/24 MP: 4/4
   273 | D:3      | Found a basalt altar of Yredelemnul.
   325 | D:3      | Reached skill level 4 in Staves
   325 | D:3      | Reached XP level 3. HP: 7/29 MP: 5/5
   347 | D:3      | Killed from afar by an orc priest

Vault maps used:
D:1:      ldierk_walled_garden
D:2:      first_bread
D:3:      portal_sewer_entry_d, yredelemnul_altar_generic, uniq_grinder

Skill      XL: |  1  2 |
---------------+-------+-----
Staves         | 3 4 |  4.0
Fighting       | |  1.7
Throwing       | |  1.7
Dodging        | |  2.6

Action                   || total
-------------------------++-------
Melee: Quarterstaff      ||    63
Throw: Throwing net      ||     2
  Use: Potion            ||     3
       Scroll            ||     2
 Stab: Held in net/web   ||     1
Armor: Leather armour    ||    15
Dodge: Dodged            ||    48

Table legend:
 A = Spawn XP
 B = Non-spawn XP
 C = Spawn XP percentage of total XP
 D = Spawn monster count
 E = Non-spawn monster count
 F = Spawn count percentage of total count
 G = Total turns spent on level
                    A         B        C        D         E        F      G
               +---------+---------+-------+---------+---------+-------+---------
         Total |       0 |      60 |   0.0 |       0 |      21 |   0.0 |   347
               +---------+---------+-------+---------+---------+-------+---------
           D:1 |       0 |       8 |   0.0 |       0 |       3 |   0.0 |    85
           D:2 |       0 |      29 |   0.0 |       0 |      12 |   0.0 |   184
           D:3 |       0 |      23 |   0.0 |       0 |       6 |   0.0 |    78
               +---------+---------+-------+---------+---------+-------+---------
